groovejumper, neutral female human Archeologist -------- -------- -------- -------- |......| ## |.......### |.......# |{.....| |......| # |......| # |......|# |.....<| |.B....-@@# .......| ##.......|### |......| |......| |......| |......| # |......| |......| |......| |......| ##.......| --.----- ---.---- -------- --.----- ## ## ## # # ## ## ----|--- -.------ -------- |......| |......| |..{...| |%[]?=)| |..[...| #.......| |/%%=")| |......| ###|......| |?!)?[?| |...._.| # |......| |=?!%[%| |......-## |...>..| -------- -------- -------- groovejumper the Field Worker Experience level: 5 Strength: 18 Dexterity: 9 Constitution: 14 Intelligence: 13 Wisdom: 17 Charisma: 9 Health: 0(38) Energy: 19(25) AC: 8 Gold: 0 Moves: 2363 Your Inventory: Weapons a - an uncursed +2 bullwhip (weapon in hand) m - 9 blessed [+0] throwing stars [shuriken] Armor c - a blessed +0 fedora (being worn) o - an uncursed +0 leather armor (being worn) Comestibles d - an uncursed food ration Scrolls j - an uncursed scroll of genocide u - a blessed scroll of charging A - 3 uncursed scrolls of light B - 3 [uncursed] scrolls of magic mapping D - a blessed scroll of destroy armor E - a blessed scroll of magic mapping F - an uncursed scroll of identify G - 2 uncursed scrolls of confuse monster I - 3 uncursed scrolls of enchant weapon J - a cursed scroll of teleportation K - a cursed scroll of remove curse L - an [uncursed] scroll of flood M - a [cursed] scroll of destroy armor P - a cursed scroll of flood R - an uncursed scroll of fire Wands n - an uncursed wand of polymorph (0:5) Tools b - an uncursed sack Gems t - an uncursed touchstone Contents of the sack: 636 gold pieces 5 uncursed food rations an [uncursed] tripe ration an uncursed magic marker (0:38) an uncursed +0 pick-axe an uncursed tinning kit (0:56) an [uncursed] amethyst stone an [uncursed] opal Spells known in the end: Name Level Category Fail Memory a - wizard lock 2 matter 95% [||||||||] b - drain life 2 attack 95% [||||||||] Your skills at the end: Fighting Skills Weapon Skills pick-axe [Basic / Expert] sling [Basic / Skilled] whip [Basic / Expert] Spellcasting Skills Final Attributes: You were fervently aligned. Hunger level was 315. Your alignment was 12 / 21. Monster difficulty range was 0 - 4. Level difficulty was 3. You were stealthy. You were a werejackal. You were fast. Your luck was zero. Camaxtli was angry with you (1). You are dead. Vanquished creatures: a rock piercer a giant bat 2 dwarf zombies a werejackal a red mold 3 Keystone Kops 2 geckos 12 jackals 3 goblins 2 sewer rats a newt 29 creatures vanquished. Voluntary challenges: You used a wielded weapon 36 times. You read items or engraved 21 times. You put on armor 10 times. You never genocided any monsters. You never polymorphed an object. You changed form 4 times. You used no wishes. You wrote Elbereth's name 10 times. You never encountered a bones level. You never used any Sokoban shortcuts. Dungeon overview: The Dungeons of Doom: levels 1 to 4 Level 1 a long staircase Level 2 a scroll shop, a fountain a long staircase Level 3 <- You were here a general store, an altar, some fountains History has recorded: On T:1 you entered the Dungeons of Doom to retrieve the Amulet of Yendor! On T:261 you reached level 2 of The Dungeons of Doom. On T:293 you reached level 4 of The Dungeons of Doom. On T:317 you advanced to experience level 2. On T:323 you advanced to experience level 3. On T:368 you reached level 3 of The Dungeons of Doom. On T:389 you advanced to experience level 4. On T:734 you advanced to experience level 5. Latest messages: d - an uncursed food ration. You finish wearing an uncursed +0 leather armor. [3 turns] You wear a blessed +0 fedora. [HP+1=7] You hit the wererat! You miss the wererat. The wererat drinks a potion of extra healing! The wererat looks much better. You hit the wererat! The wererat changes into a rat. The wererat bites! [HP-3=4] You miss the wererat. You hit the wererat! The wererat changes into a human. The wererat hits! You die... Final status: Goodbye groovejumper the Archeologist... You died in The Dungeons of Doom on dungeon level 3 with 1283 points, and 636 pieces of gold, after 2363 moves. You were level 5 with a maximum of 38 hit points when you died.